[Event "ICCopen2016"]
[Site "Internet Chess Club"]
[Date "2016.06.04"]
[Round "10"]
[White "blitzmaniac"]
[Black "Sebs"]
[Result "0-1"]
[ICCResult "White resigns"]
[WhiteElo "2804"]
[BlackElo "2996"]
[Opening "French: Steinitz variation"]
[ECO "C11"]
[NIC "FR.04"]
[Time "15:45:49"]
[TimeControl "180+0"]

1. e4 e6 2. d4 d5 3. Nc3 Nf6 4. e5 Nfd7 5. Nce2 c5 6. c3 Nc6 7. Nf3 cxd4 8.
cxd4 f6 9. exf6 Nxf6 10. Nc3 Bd6 11. Bb5 O-O 12. O-O Qc7 13. Re1 a6 14. Bxc6
bxc6 15. h3 c5 16. dxc5 Qxc5 17. Be3 Qc7 18. Bd4 Qb7 19. Ne5 Qe7 20. Qd2 Bb7
21. Re3 Rad8 22. Rae1 Ne4 23. Qd1 Nxf2 24. Qh5 Ne4 25. Nxe4 dxe4 26. Rg3 Rf5
27. Ng6 hxg6 28. Qxg6 Bxg3 {White resigns} 0-1

[Event "ICCopen2016"]
[Site "Internet Chess Club"]
[Date "2016.06.04"]
[Round "10"]
[White "Sc6"]
[Black "Ajolote"]
[Result "1-0"]
[ICCResult "Black checkmated"]
[WhiteElo "1818"]
[BlackElo "1523"]
[Opening "Sicilian defense"]
[ECO "B44"]
[NIC "SI.39"]
[Time "15:44:58"]
[TimeControl "180+0"]

1. e4 c5 2. Nf3 Nc6 3. d4 cxd4 4. Nxd4 e6 5. c4 Be7 6. Nc3 a6 7. Be3 Nf6 8.
f3 O-O 9. Qd2 Nxd4 10. Bxd4 d5 11. cxd5 exd5 12. e5 Ne8 13. Bd3 Bb4 14. O-O
Bxc3 15. bxc3 Be6 16. f4 Nc7 17. f5 Bd7 18. f6 Ne6 19. Rf3 Qa5 20. fxg7 Rfe8
21. Qh6 Nxg7 22. Rg3 Kf8 23. Qxg7+ Ke7 24. Qf6+ Kf8 25. Rf1 Be6 26. Bxh7
Qxa2 27. Rg8# {Black checkmated} 1-0

[Event "ICCopen2016"]
[Site "Internet Chess Club"]
[Date "2016.06.04"]
[Round "10"]
[White "luckypawns"]
[Black "blackjack721"]
[Result "1-0"]
[ICCResult "Black checkmated"]
[WhiteElo "1616"]
[BlackElo "1423"]
[Opening "King's pawn game"]
[ECO "C20"]
[NIC "KP.10"]
[Time "15:45:34"]
[TimeControl "180+0"]

1. e4 e5 2. a4 Nc6 3. b3 Nf6 4. d3 Nd4 5. Bb2 c5 6. Nf3 Qa5+ 7. Nbd2 Nxf3+
8. Qxf3 d6 9. h3 Be7 10. O-O-O Bd7 11. Nc4 Qc7 12. Qe3 b5 13. axb5 Bxb5 14.
f4 d5 15. fxe5 dxc4 16. exf6 Bxf6 17. Bxf6 gxf6 18. dxc4 Bd7 19. Be2 O-O-O
20. Rd5 Qa5 21. Rxc5+ Qxc5 22. Qxc5+ Kb8 23. Bf3 Rc8 24. Qb4+ Kc7 25. Rd1
Rb8 26. Qc5+ Kd8 27. Qxa7 Rxb3 28. Qxd7# {Black checkmated} 1-0

[Event "ICCopen2016"]
[Site "Internet Chess Club"]
[Date "2016.06.04"]
[Round "10"]
[White "HouseOfFun"]
[Black "Danyuffa"]
[Result "0-1"]
[ICCResult "White resigns"]
[WhiteElo "2457"]
[BlackElo "2233"]
[Opening "King's Indian: Torre attack"]
[ECO "A48"]
[NIC "QP.01"]
[Time "15:44:58"]
[TimeControl "180+0"]

1. d4 Nf6 2. Nf3 g6 3. Bg5 Bg7 4. Nbd2 O-O 5. c3 d6 6. e4 Nbd7 7. Bd3 e5 8.
O-O h6 9. Bh4 Qe8 10. dxe5 dxe5 11. Qe2 Nh5 12. Bg3 c6 13. Rfe1 Qe7 14. Nf1
Nf4 15. Bxf4 exf4 16. Qc2 Nc5 17. Bc4 b5 18. Bb3 a5 19. a3 Nxb3 20. Qxb3 Be6
21. Qc2 c5 22. Rad1 g5 23. h3 a4 24. Qd2 Rfd8 25. Qc1 b4 26. Rxd8+ Rxd8 27.
axb4 cxb4 28. cxb4 Qxb4 29. Rd1 Rxd1 30. Qxd1 Bxb2 31. h4 Bf6 32. hxg5 hxg5
33. e5 Be7 34. Nd4 a3 35. Nxe6 fxe6 36. Qg4 Qc4 37. Qh5 Kg7 38. Qe8 Qc7 39.
Nh2 a2 40. Qa4 Qc1+ 41. Nf1 a1=Q 42. Qb5 Qab1 43. Qa6 g4 44. Qe2 f3 45. gxf3
gxf3 46. Qa6 Qg6+ {White resigns} 0-1

[Event "ICCopen2016"]
[Site "Internet Chess Club"]
[Date "2016.06.04"]
[Round "10"]
[White "Werewolf"]
[Black "vidalnovich"]
[Result "1-0"]
[ICCResult "Black checkmated"]
[WhiteElo "2222"]
[BlackElo "1778"]
[Opening "Two knights defense"]
[ECO "C57"]
[NIC "KP.01"]
[Time "15:46:03"]
[TimeControl "180+0"]

1. e4 e5 2. Nf3 Nc6 3. Bc4 Nf6 4. Ng5 d5 5. exd5 Bg4 6. f3 Na5 7. Bb5+ c6 8.
dxc6 bxc6 9. Bd3 Bh5 10. Nc3 Bc5 11. Nce4 Bb6 12. b4 Nb7 13. Bb2 O-O 14. Qe2
Nxe4 15. Nxe4 f5 16. Ng3 e4 17. Bc4+ Kh8 18. Nxh5 Qh4+ 19. Ng3 f4 20. O-O-O
exf3 21. Qe5 Rf6 22. Nf5 Qg4 23. Nxg7 Kxg7 24. Qxf6# {Black checkmated} 1-0

[Event "ICCopen2016"]
[Site "Internet Chess Club"]
[Date "2016.06.04"]
[Round "10"]
[White "kabindra"]
[Black "Colombiano07"]
[Result "0-1"]
[ICCResult "White resigns"]
[WhiteElo "1627"]
[BlackElo "1897"]
[Opening "Pirc: classical, h3 system"]
[ECO "B06"]
[NIC "KF.05"]
[Time "15:46:57"]
[TimeControl "180+0"]

1. e4 g6 2. d4 Bg7 3. Nf3 d6 4. h3 Nf6 5. Nc3 c6 6. Be3 b5 7. a3 Nbd7 8. Qd2
Bb7 9. Bh6 Kf8 10. Bxg7+ Kxg7 11. Qg5 h6 12. Qg4 Nxg4 13. hxg4 a5 14. Bd3 b4
15. Ne2 c5 16. d5 c4 17. Bxc4 Rc8 18. Bd3 b3 19. c3 Ne5 20. Nxe5 dxe5 21.
Kd2 e6 22. c4 f5 23. gxf5 gxf5 24. exf5 exd5 25. Rh3 dxc4 26. Rg3+ Kf7
{White resigns}
0-1

[Event "ICCopen2016"]
[Site "Internet Chess Club"]
[Date "2016.06.04"]
[Round "10"]
[White "MasterDanielX"]
[Black "Blockader"]
[Result "0-1"]
[ICCResult "White checkmated"]
[WhiteElo "1925"]
[BlackElo "1760"]
[Opening "Van't Kruijs opening"]
[ECO "A00"]
[Time "15:47:23"]
[TimeControl "180+0"]

1. e3 g6 2. d4 Bg7 3. Be2 c5 4. h4 cxd4 5. exd4 h5 6. c3 Nc6 7. Nf3 Nf6 8.
Bg5 Ne4 9. Nbd2 Nxg5 10. Nxg5 O-O 11. Bc4 d5 12. Bd3 Bg4 13. f3 Bd7 14. g4
f6 15. Nh3 hxg4 16. fxg4 e5 17. Bxg6 exd4 18. g5 dxc3 19. Qh5 Qe7+ 20. Kd1
Rfe8 21. Qh7+ Kf8 22. Bxe8 Rxe8 23. gxf6 Qe2+ 24. Kc2 Qxd2+ 25. Kb3 Qxb2+
26. Ka4 Qb4# {White checkmated} 0-1

[Event "ICCopen2016"]
[Site "Internet Chess Club"]
[Date "2016.06.04"]
[Round "10"]
[White "yucatan3000"]
[Black "El-Kaiser"]
[Result "0-1"]
[ICCResult "White resigns"]
[WhiteElo "1841"]
[BlackElo "2386"]
[Opening "Queen's pawn game"]
[ECO "D00"]
[NIC "QP.08"]
[Time "15:45:03"]
[TimeControl "180+0"]

1. d4 d5 2. c3 Nf6 3. Nf3 e6 4. Bg5 c5 5. Nbd2 Nc6 6. e3 Be7 7. Bd3 b6 8.
O-O Bb7 9. Qe2 O-O 10. Ne5 Qc7 11. f4 Nxe5 12. fxe5 Ne4 13. Bxe7 Qxe7 14.
Bxe4 dxe4 15. Qg4 cxd4 16. cxd4 f6 17. exf6 Rxf6 18. Rxf6 Qxf6 19. Nxe4 Qh6
20. Ng5 Re8 21. Rc1 Qg6 22. Qg3 h6 23. Nf3 Qxg3 24. hxg3 Re7 25. Kf2 Bd5 26.
b3 a5 27. Rc8+ Kh7 28. Ne5 a4 29. bxa4 Ra7 30. Rc7 Rxc7 {White resigns} 0-1

[Event "ICCopen2016"]
[Site "Internet Chess Club"]
[Date "2016.06.04"]
[Round "10"]
[White "CrossShark"]
[Black "Sibelephant"]
[Result "0-1"]
[ICCResult "White resigns"]
[WhiteElo "2628"]
[BlackElo "3077"]
[Opening "Sicilian"]
[ECO "B55"]
[NIC "SI.01"]
[Time "15:48:05"]
[TimeControl "180+0"]

1. e4 c5 2. Nf3 d6 3. d4 cxd4 4. Nxd4 Nf6 5. e5 dxe5 6. Nb5 Bd7 7. N5c3 Nc6
8. Be2 Bf5 9. O-O Qxd1 10. Bxd1 e6 11. Nb5 Rc8 12. c3 Bd3 13. N1a3 Bxf1 14.
Kxf1 a6 {White resigns} 0-1

[Event "ICCopen2016"]
[Site "Internet Chess Club"]
[Date "2016.06.04"]
[Round "10"]
[White "FlashGordon"]
[Black "paulohaddad"]
[Result "0-1"]
[ICCResult "White forfeits on time"]
[WhiteElo "1365"]
[BlackElo "1679"]
[Opening "Center game"]
[ECO "C21"]
[NIC "KP.04"]
[Time "15:45:07"]
[TimeControl "180+0"]

1. e4 e5 2. d4 exd4 3. Bc4 d3 4. Qxd3 d6 5. f4 Nc6 6. Nf3 Be7 7. Nc3 Nf6 8.
O-O O-O 9. h3 Be6 10. Nd5 Bxd5 11. exd5 Na5 12. Bd2 Nxc4 13. Qxc4 b5 14. Qd3
a6 15. Rae1 Re8 16. Nh4 Bf8 17. Nf5 g6 18. Qg3 Qd7 19. Rxe8 Rxe8 20. Nd4
Nxd5 21. f5 Bg7 22. fxg6 Bxd4+ 23. Kh1 hxg6 {White forfeits on time} 0-1

[Event "ICCopen2016"]
[Site "Internet Chess Club"]
[Date "2016.06.04"]
[Round "10"]
[White "gonesailing"]
[Black "UAE2002"]
[Result "0-1"]
[ICCResult "White resigns"]
[WhiteElo "1683"]
[BlackElo "2006"]
[Opening "Sicilian: Smith-Morra gambit"]
[ECO "B21"]
[NIC "OI.09"]
[Time "15:46:11"]
[TimeControl "180+0"]

1. d4 c5 2. e4 cxd4 3. c3 d3 4. Bxd3 Nc6 5. c4 g6 6. Nc3 Bg7 7. f3 d6 8.
Nge2 Nf6 9. Be3 O-O 10. O-O Be6 11. Nd4 Nxd4 12. Bxd4 Rc8 13. b3 a6 14. a4
Qa5 15. Qc2 h5 16. Rfc1 Bh6 17. Rd1 Rfd8 18. Bxf6 exf6 19. Qb2 Be3+ 20. Kh1
Bd4 21. Rac1 b5 22. Qc2 bxc4 23. bxc4 Bxc4 24. Bxc4 Rxc4 25. Qb3 Rxc3 26.
Rxc3 Qxc3 27. Qd5 Be5 28. g3 Qxf3+ 29. Kg1 Rc8 30. Qd3 Qxd3 31. Rxd3 Rc4 32.
a5 Rxe4 33. Rb3 Ra4 34. Rb6 Rxa5 {White resigns} 0-1

[Event "ICCopen2016"]
[Site "Internet Chess Club"]
[Date "2016.06.04"]
[Round "10"]
[White "bullbuffalo"]
[Black "rookfish"]
[Result "1-0"]
[ICCResult "Black checkmated"]
[WhiteElo "1333"]
[BlackElo "1167"]
[Opening "Polish (Sokolsky) opening"]
[ECO "A00"]
[NIC "VO.10"]
[Time "15:45:14"]
[TimeControl "180+0"]

1. b4 e5 2. Bb2 d5 3. Bxe5 c5 4. bxc5 Bxc5 5. Bxg7 Qh4 6. e3 Bg4 7. Nf3 Nf6
8. Bxh8 Bxf3 9. Qxf3 Ne4 10. Bb5+ Nd7 11. Bxd7+ Kxd7 12. Qxf7+ Be7 13. Qxd5+
Nd6 14. Be5 Rf8 15. g3 Qg5 16. Qxb7+ Ke6 17. Bxd6 Bxd6 18. Qxh7 Be5 19. Nc3
Qg4 20. Qh6+ Bf6 21. Qxf8 Qf3 22. Rf1 Qc6 23. Qg8+ Kf5 24. g4+ Ke5 25. f4+
Kd6 26. Qf8+ Kc7 27. Qf7+ Kb6 28. Rb1+ Kc5 29. Qf8+ Kc4 30. Qb4#
{Black checkmated}
1-0

[Event "ICCopen2016"]
[Site "Internet Chess Club"]
[Date "2016.06.04"]
[Round "10"]
[White "abroz"]
[Black "flinkfinger"]
[Result "0-1"]
[ICCResult "White checkmated"]
[WhiteElo "2515"]
[BlackElo "2229"]
[Opening "Sicilian: Taimanov (Bastrikov) variation"]
[ECO "B47"]
[NIC "SI.40"]
[Time "15:45:01"]
[TimeControl "180+0"]

1. e4 c5 2. Nf3 e6 3. Nc3 Nc6 4. d4 cxd4 5. Nxd4 Qc7 6. g3 a6 7. Bg2 b5 8.
O-O Bb7 9. a4 b4 10. Nce2 Nf6 11. Bf4 d6 12. Nxc6 Bxc6 13. Qd3 Be7 14. Rfd1
e5 15. Be3 O-O 16. c3 bxc3 17. Nxc3 Qb7 18. Nd5 Nxd5 19. exd5 Bd7 20. Rab1
Qb4 21. b3 f5 22. f4 Bf6 23. Qc4 Rab8 24. Qxa6 Rfc8 25. Kh1 Rc2 26. Qa7 Rb7
27. Qa8+ Rb8 28. Qa7 Rb7 29. Qa6 exf4 30. Bxf4 Rxg2 31. Kxg2 Qe4+ 32. Kh3 g5
33. Bxg5 f4+ 34. Kh4 Bxg5+ 35. Kxg5 Qf5+ 36. Kh4 Qg4# {White checkmated} 0-1

[Event "ICCopen2016"]
[Site "Internet Chess Club"]
[Date "2016.06.04"]
[Round "10"]
[White "Optikk"]
[Black "fearlessone"]
[Result "0-1"]
[ICCResult "White forfeits on time"]
[WhiteElo "1539"]
[BlackElo "1714"]
[Opening "King's pawn opening"]
[ECO "B07"]
[NIC "VO.17"]
[Time "15:45:14"]
[TimeControl "180+0"]

1. e4 d6 2. d4 Nd7 3. f4 g6 4. Nf3 Bg7 5. Bc4 e6 6. O-O Ne7 7. Nc3 O-O 8. d5
e5 9. fxe5 Nxe5 10. Nxe5 Bxe5 11. Bh6 Bg7 12. Bxg7 Kxg7 13. Qd4+ f6 14. Rf3
Ng8 15. Raf1 Qe7 16. Ne2 a6 17. Nf4 Bd7 18. Bd3 Rae8 19. Qf2 b5 20. Qg3 Kh8
21. h4 Qg7 22. Qf2 Re5 23. Ne2 Bg4 24. Rg3 Bxe2 25. Qxe2 h5 26. Qf2 Rf7 27.
Qa7 Kh7 28. Qxa6 b4 29. Qc4 b3 30. Qxb3 Rfe7 31. Qc4 Rf7 32. b4 Rfe7
{White forfeits on time}
0-1

[Event "ICCopen2016"]
[Site "Internet Chess Club"]
[Date "2016.06.04"]
[Round "10"]
[White "santiagoelawad"]
[Black "Rammstein"]
[Result "0-1"]
[ICCResult "White checkmated"]
[WhiteElo "1964"]
[BlackElo "2146"]
[Opening "English: Mikenas-Carls variation"]
[ECO "A18"]
[NIC "EO.64"]
[Time "15:45:12"]
[TimeControl "180+0"]

1. c4 Nf6 2. Nc3 e6 3. e4 d6 4. d4 Nbd7 5. Nf3 e5 6. Be2 g6 7. O-O Bg7 8. d5
O-O 9. Rb1 a5 10. a3 Nc5 11. Qc2 a4 12. Ne1 Bd7 13. f3 Nh5 14. Be3 b6 15.
Nd3 Nb3 16. Nc1 Nd4 17. Bd3 Nxc2 18. Bxc2 Nf4 19. Bd1 f5 20. Bc2 Qg5 21.
Bxf4 exf4 22. N1e2 fxe4 23. Nxe4 Qe5 24. Kh1 Rae8 25. Rbe1 Qxb2 26. Bd3 Qxa3
27. Nc1 Bd4 28. h3 Kg7 29. Kh2 Be3 30. Rd1 Bxc1 31. Rxc1 Qxd3 32. Kh1 Bf5
33. Kh2 Bxe4 34. fxe4 Rxe4 35. Kh1 Rxc4 36. Rcd1 Qf5 37. Kh2 Rc2 38. Rf3 Qg5
39. Rg1 Re8 40. Ra3 Ree2 41. Rg3 Qxg3+ 42. Kh1 Qxh3+ 43. gxh3 Rh2#
{White checkmated}
0-1

[Event "ICCopen2016"]
[Site "Internet Chess Club"]
[Date "2016.06.04"]
[Round "10"]
[White "karodash"]
[Black "AaronArrowood"]
[Result "1/2-1/2"]
[ICCResult "Game drawn by repetition"]
[WhiteElo "1621"]
[BlackElo "1753"]
[Opening "Scotch game"]
[ECO "C45"]
[NIC "SO.04"]
[Time "15:44:59"]
[TimeControl "180+0"]

1. e4 e5 2. Nf3 Nc6 3. d4 exd4 4. Nxd4 Nxd4 5. Qxd4 Qf6 6. Be3 Qxd4 7. Bxd4
Ne7 8. Bc4 Nc6 9. Bc3 f6 10. Nd2 Bb4 11. Bxb4 Nxb4 12. O-O-O d6 13. Nf3 Bd7
14. Nd4 O-O-O 15. f3 Rde8 16. Nb5 a6 17. Nd4 Nc6 18. Nxc6 Bxc6 19. Bd5 Bxd5
20. Rxd5 Re5 21. Rhd1 Rxd5 22. Rxd5 Re8 23. Kd2 Re5 24. Rxe5 dxe5 25. Kd3
Kd7 26. Kc4 Kc6 27. h4 h5 28. g4 g6 29. a4 b5+ 30. axb5+ axb5+ 31. Kb4 Kb6
32. b3 c5+ 33. Kc3 Ka5 34. Kd2 Kb4 35. Kd3 c4+ 36. bxc4 bxc4+ 37. Kd2 Kb5
38. Kc3 Kc5 39. Kd2 Kb4 40. c3+ Kb3 41. f4 exf4 42. g5 fxg5 43. e5 gxh4 44.
e6 h3 45. e7 h2 46. e8=Q h1=Q 47. Qb5+ Ka3 48. Qa5+ Kb3 49. Qb5+ Ka3 50.
Qa5+ Kb3 51. Qb5+ {Game drawn by repetition} 1/2-1/2

[Event "ICCopen2016"]
[Site "Internet Chess Club"]
[Date "2016.06.04"]
[Round "10"]
[White "thenowtime"]
[Black "NAS"]
[Result "1-0"]
[ICCResult "Black checkmated"]
[WhiteElo "1913"]
[BlackElo "1658"]
[Opening "Sicilian: Najdorf, Byrne (English) attack"]
[ECO "B90"]
[NIC "SI.14"]
[Time "15:45:14"]
[TimeControl "180+0"]

1. e4 c5 2. Nf3 d6 3. d4 cxd4 4. Nxd4 Nf6 5. Nc3 a6 6. Be3 e5 7. Nb3 Be6 8.
Be2 Qc7 9. f3 Be7 10. Qd2 Nbd7 11. O-O b5 12. a3 O-O 13. Nc1 Nb6 14. Bd3 Nc4
15. Bxc4 Bxc4 16. Rd1 Rfd8 17. N1e2 d5 18. exd5 Nxd5 19. Nxd5 Bxd5 20. Qc3
Qb7 21. Ng3 Bf6 22. Qb4 Rac8 23. c3 a5 24. Qg4 Be6 25. Qh5 g6 26. Qh6 Bg7
27. Qg5 f6 28. Qh4 Bb3 29. Rxd8+ Rxd8 30. Ne4 Qf7 31. Nc5 Bd5 32. Rd1 Re8
33. Nd3 Bb3 34. Rd2 f5 35. Nc5 Bc4 36. Rd7 Qf8 37. f4 e4 38. b3 Bf6 39.
Qxh7# {Black checkmated} 1-0

[Event "ICCopen2016"]
[Site "Internet Chess Club"]
[Date "2016.06.04"]
[Round "10"]
[White "kingdavid"]
[Black "xvannix"]
[Result "0-1"]
[ICCResult "White checkmated"]
[WhiteElo "1145"]
[BlackElo "1725"]
[Opening "Scandinavian gambit"]
[ECO "B01"]
[NIC "SD.03"]
[Time "15:46:05"]
[TimeControl "180+0"]

1. e4 d5 2. exd5 Nf6 3. c4 c6 4. dxc6 Nxc6 5. Be2 Bf5 6. Nf3 e6 7. d3 h6 8.
O-O Bc5 9. Bf4 O-O 10. Nc3 a6 11. Nh4 Bh7 12. Bf3 e5 13. Be3 Nd4 14. Bxd4
exd4 15. Nd5 Nxd5 16. Bxd5 Qxh4 17. g3 Qf6 18. Re1 Rfe8 19. Qg4 Bb4 20.
Rxe8+ Rxe8 21. a3 Bd2 22. Rd1 Bf5 23. Qf3 Re1+ 24. Kg2 Rxd1 25. Qxd1 Ba5 26.
Qa4 Bb6 27. Qe8+ Kh7 28. Bxb7 Bxd3 29. Be4+ Bxe4+ 30. Qxe4+ Qg6 31. Qe1 d3
32. Qd2 Bd4 33. c5 Qe4+ 34. Kf1 Qh1# {White checkmated} 0-1

[Event "ICCopen2016"]
[Site "Internet Chess Club"]
[Date "2016.06.04"]
[Round "10"]
[White "MrGioMu"]
[Black "Palenque"]
[Result "1-0"]
[ICCResult "Black resigns"]
[WhiteElo "1847"]
[BlackElo "1657"]
[Opening "English opening"]
[ECO "A21"]
[NIC "EO.22"]
[Time "15:45:17"]
[TimeControl "180+0"]

1. c4 e5 2. Nc3 d6 3. e3 Nf6 4. h3 Nbd7 5. g4 Be7 6. d4 O-O 7. Bg2 c6 8.
Nge2 Qc7 9. f4 exf4 10. exf4 Re8 11. O-O Nb6 12. b3 Bf8 13. Qd3 d5 14. c5
Nbd7 15. b4 g6 16. f5 Bg7 17. Bf4 Qd8 18. Ng3 Nf8 19. g5 N6d7 20. f6 Bh8 21.
h4 Ne6 22. Bd6 h6 23. Qd2 hxg5 24. hxg5 b6 25. Rae1 Ba6 26. Rf3 bxc5 27.
bxc5 Bc4 28. Bh3 Nxf6 29. gxf6 Bxf6 30. Bxe6 fxe6 31. Qh6 e5 32. Qxg6+ Bg7
33. Rf7 {Black resigns} 1-0

[Event "ICCopen2016"]
[Site "Internet Chess Club"]
[Date "2016.06.04"]
[Round "10"]
[White "kaimann"]
[Black "MorningRunner"]
[Result "1-0"]
[ICCResult "Black resigns"]
[WhiteElo "2022"]
[BlackElo "2140"]
[Opening "Benko's opening"]
[ECO "A00"]
[NIC "VO.09"]
[Time "15:46:32"]
[TimeControl "180+0"]

1. g3 d5 2. Bg2 Bh3 3. Nxh3 e6 4. O-O Nf6 5. d3 Bd6 6. Nc3 h5 7. e4 Nbd7 8.
Bf4 h4 9. Bxd6 cxd6 10. exd5 hxg3 11. hxg3 e5 12. Ne4 Qb6 13. b3 O-O-O 14.
c4 Kb8 15. Nhg5 Rdf8 16. b4 Qxb4 17. Rb1 Qa5 18. Nxd6 b6 19. Ndxf7 Rh5 20.
d6 e4 21. dxe4 Rxg5 22. Nxg5 Qxg5 23. e5 Qxe5 24. Qf3 Kc8 25. Qc6+ Kd8 26.
Qc7+ Ke8 27. Rbe1 {Black resigns} 1-0

[Event "ICCopen2016"]
[Site "Internet Chess Club"]
[Date "2016.06.04"]
[Round "10"]
[White "Maxbet"]
[Black "LastKeks"]
[Result "0-1"]
[ICCResult "White resigns"]
[WhiteElo "2914"]
[BlackElo "3089"]
[Opening "King's Indian: fianchetto, classical main line"]
[ECO "E69"]
[NIC "KI.62"]
[Time "15:46:32"]
[TimeControl "180+0"]

1. d4 Nf6 2. Nf3 g6 3. g3 Bg7 4. Bg2 O-O 5. O-O d6 6. c4 Nbd7 7. Nc3 e5 8.
e4 c6 9. h3 exd4 10. Nxd4 Qb6 11. Nc2 Nc5 12. Rb1 Re8 13. Re1 a5 14. b3 Nfd7
15. Bb2 Ne5 16. Re3 a4 17. b4 Nxc4 18. bxc5 Qxc5 19. Nxa4 Rxa4 20. Bxg7 Kxg7
21. Rc3 b5 22. Nd4 Rxa2 23. Rf3 Rd2 {White resigns} 0-1

[Event "ICCopen2016"]
[Site "Internet Chess Club"]
[Date "2016.06.04"]
[Round "10"]
[White "Desotojags"]
[Black "Taechess"]
[Result "0-1"]
[ICCResult "White checkmated"]
[WhiteElo "1389"]
[BlackElo "1304"]
[Opening "French: Steinitz attack"]
[ECO "C00"]
[NIC "FR.01"]
[Time "15:46:54"]
[TimeControl "180+0"]

1. e4 e6 2. e5 d5 3. exd6 Bxd6 4. Nf3 Nf6 5. d4 O-O 6. Bd3 c5 7. c3 Nc6 8.
O-O Bc7 9. Be3 cxd4 10. cxd4 Qd6 11. Nc3 e5 12. d5 Ne7 13. Qc2 Bg4 14. Ne4
Nxe4 15. Bxe4 Bxf3 16. Bxh7+ Kh8 17. gxf3 f5 18. Bxf5 Nxf5 19. Bc5 Qg6+ 20.
Kh1 e4 21. Bxf8 Qh6 22. Rg1 Qxh2# {White checkmated} 0-1

[Event "ICCopen2016"]
[Site "Internet Chess Club"]
[Date "2016.06.04"]
[Round "10"]
[White "HungryFarseer"]
[Black "afgano45"]
[Result "1-0"]
[ICCResult "Black resigns"]
[WhiteElo "1812"]
[BlackElo "2004"]
[Opening "Neo-Grünfeld defense"]
[ECO "D70"]
[NIC "KI.80"]
[Time "15:46:30"]
[TimeControl "180+0"]

1. d4 Nf6 2. c4 g6 3. f3 d5 4. cxd5 Nxd5 5. e4 Nb6 6. Nc3 Bg7 7. Be3 O-O 8.
Qd2 e5 9. d5 c6 10. O-O-O cxd5 11. exd5 N8d7 12. h4 Nf6 13. g4 e4 14. g5 Nh5
15. Nxe4 Bf5 16. Rh2 Rc8+ 17. Kb1 Na4 18. Bd4 Re8 19. Bxg7 Kxg7 20. Qd4+ Kg8
21. Qxa4 a6 22. Qb3 Bxe4+ 23. fxe4 Rxe4 24. Rhd2 Qd6 25. Nf3 Ra4 26. Qxa4
Ng3 27. Qd4 Nf5 28. Qe5 Qb4 29. d6 Rc7 30. dxc7 {Black resigns} 1-0

[Event "ICCopen2016"]
[Site "Internet Chess Club"]
[Date "2016.06.04"]
[Round "10"]
[White "YKQ"]
[Black "chaozz"]
[Result "1-0"]
[ICCResult "Black resigns"]
[WhiteElo "2594"]
[BlackElo "2984"]
[Opening "English: three knights system"]
[ECO "A27"]
[NIC "EO.21"]
[Time "15:44:59"]
[TimeControl "180+0"]

1. c4 e5 2. Nc3 Nc6 3. Nf3 Bc5 4. e3 d6 5. d4 exd4 6. exd4 Bb6 7. Be2 Nge7
8. O-O Bg4 9. d5 Bxf3 10. Bxf3 Ne5 11. b3 O-O 12. Bb2 Nf5 13. Be4 Qf6 14.
Na4 Rae8 15. Kh1 Ba5 16. f4 Ng3+ 17. hxg3 Qh6+ 18. Kg1 Nxc4 19. Bxh7+ Qxh7
20. bxc4 Re4 21. Qd3 Rfe8 22. Bc3 b5 23. Bxa5 bxa4 24. Bc3 Qh5 25. Rae1 f5
26. Rxe4 fxe4 27. Qe3 Qf5 28. Rb1 Kh7 29. Rb7 Re7 30. Kf2 Qh5 31. Rb1 Kg6
32. Bd4 a6 33. a3 Kf5 34. Qc3 Qg4 35. Be3 Re8 36. c5 Re7 37. cxd6 cxd6 38.
Qc6 Qg6 39. Rb6 Qf6 40. Qxd6 {Black resigns} 1-0

[Event "ICCopen2016"]
[Site "Internet Chess Club"]
[Date "2016.06.04"]
[Round "10"]
[White "Supermister"]
[Black "Johndenver"]
[Result "0-1"]
[ICCResult "White resigns"]
[WhiteElo "2036"]
[BlackElo "1825"]
[Opening "Queen's pawn, Mason variation"]
[ECO "D00"]
[NIC "QP.08"]
[Time "15:45:00"]
[TimeControl "180+0"]

1. d4 d5 2. Bf4 e6 3. e3 Bd6 4. Bg3 Nf6 5. Nf3 Bxg3 6. hxg3 Nbd7 7. Bd3 b6
8. Nbd2 Bb7 9. Qe2 c5 10. c3 Qc7 11. Bb5 O-O-O 12. Ba6 Bxa6 13. Qxa6+ Qb7
14. Qe2 h6 15. a4 c4 16. b3 cxb3 17. O-O Ne4 18. Nxe4 dxe4 19. Nd2 Kb8 20.
Nxb3 Rc8 21. c4 Qc6 22. Rfc1 a5 23. c5 Ka7 24. cxb6+ Qxb6 25. Rcb1 Qa6 26.
Qd2 Nb6 27. Nxa5 Rc7 28. Rb5 Rhc8 29. Rab1 Nxa4 30. Qb4 Nc3 31. Nc6+ Rxc6
32. Ra5 Nxb1 33. Rxa6+ Kxa6 34. Qxb1 Rc1+ 35. Qxc1 Rxc1+ 36. Kh2 Rc2
{White resigns}
0-1

[Event "ICCopen2016"]
[Site "Internet Chess Club"]
[Date "2016.06.04"]
[Round "10"]
[White "Cafka36"]
[Black "BigCol"]
[Result "0-1"]
[ICCResult "White checkmated"]
[WhiteElo "1225"]
[BlackElo "1734"]
[Opening "KGD: Falkbeer counter-gambit"]
[ECO "C31"]
[NIC "KG.04"]
[Time "15:46:02"]
[TimeControl "180+0"]

1. e4 e5 2. f4 d5 3. Qf3 dxe4 4. Qxe4 Nc6 5. Nf3 Bd6 6. Bb5 Bd7 7. O-O f5 8.
Qe2 e4 9. Ne5 Nf6 10. Nxc6 Bxc6 11. Bxc6+ bxc6 12. d3 O-O 13. dxe4 Nxe4 14.
Qc4+ Kh8 15. Qxc6 Bc5+ 16. Kh1 Bb6 17. c3 Nf2+ 18. Kg1 Nh3+ 19. Kh1 Nf2+ 20.
Kg1 Qh4 21. Qf3 Nd3+ 22. Kh1 Nxc1 23. Rxc1 Rae8 24. Na3 Re3 25. Qf1 Rfe8 26.
Nc4 Re2 27. Nxb6 axb6 28. Re1 Rxe1 29. Rxe1 Rxe1 30. Qxe1 Qxe1#
{White checkmated}
0-1

[Event "ICCopen2016"]
[Site "Internet Chess Club"]
[Date "2016.06.04"]
[Round "10"]
[White "Dinamit"]
[Black "nevidimka"]
[Result "1/2-1/2"]
[ICCResult "Game drawn by repetition"]
[WhiteElo "2666"]
[BlackElo "2085"]
[Opening "Four knights: Rubinstein counter-gambit, exchange variation"]
[ECO "C48"]
[NIC "KP.03"]
[Time "15:45:38"]
[TimeControl "180+0"]

1. e4 e5 2. Nf3 Nf6 3. Nc3 Nc6 4. Bb5 Nd4 5. Nxd4 exd4 6. e5 dxc3 7. exf6
Qxf6 8. dxc3 Qe5+ 9. Qe2 Qxe2+ 10. Bxe2 d6 11. O-O Bf5 12. Bd3 Bxd3 13. cxd3
Kd7 14. f3 g6 15. Kf2 Bg7 16. d4 a5 17. a4 Rhe8 18. Bd2 b6 19. g4 d5 20.
Rfe1 Rxe1 21. Rxe1 Rf8 22. Bf4 c6 23. h4 f5 24. g5 Rf7 25. Be5 Bxe5 26. Rxe5
Re7 27. Rxe7+ Kxe7 28. f4 Kd6 29. Ke3 Kd7 30. b3 Kd6 31. Kd3 Kd7 32. b4 Kd6
33. Kc2 Kc7 34. Kb3 Kd7 35. c4 Kc7 36. Kc3 axb4+ 37. Kxb4 dxc4 38. Kxc4 Kd6
39. Kc3 Ke6 40. Kc4 Kd6 41. Kc3 Kd5 42. Kd3 Ke6 43. Kc3 Kd5 44. Kd3 Ke6 45.
Kc3 Kd5 46. Kd3 {Game drawn by repetition} 1/2-1/2